 Dungeon Crawl Stone Soup version 0.25.1-2-g60ff931df9 (webtiles) character file.

Game seed: 4617257801885151723

771 HawFromDerth the Thaumaturge (level 7, 0/36 HPs)
             Began as a Deep Elf Wizard on Sept 20, 2020.
             Slain by an orc wizard
             ... wielding a +0 dagger
              (4 damage)
             ... on level 5 of the Dungeon.
             The game lasted 00:24:05 (7632 turns).

HawFromDerth the Thaumaturge (Deep Elf Wizard)      Turns: 7632, Time: 00:24:05

Health: 0/36       AC:  5    Str:  4    XL:     7   Next: 53%
Magic:  18/21      EV: 13    Int: 25    God:
Gold:   207        SH:  0    Dex: 13    Spells: 16/24 levels left

rFire    . . .     SeeInvis .   h - +4 quarterstaff (chaos)
rCold    . . .     Gourm    .   (shield currently unavailable)
rNeg     . . .     Faith    .   a - +0 robe
rPois    .         Spirit   .   b - +0 hat
rElec    .         Reflect  .   r - +2 cloak
rCorr    .         Harm     .   (no gloves)
MR       .....                  (no boots)
Stlth    +.........             s - amulet of the acrobat
HPRegen  0.12/turn              i - ring of wizardry
MPRegen  0.17/turn              m - ring of flight

@: confused
A: no striking features
a: Evoke Flight


You were on level 5 of the Dungeon.
You were not hungry.

You visited 1 branch of the dungeon, and saw 5 of its levels.

You collected 207 gold pieces.

Inventory:

Hand Weapons
 h - a +4 quarterstaff of chaos (weapon)
Armour
 a - a +0 robe (worn)
 b - a +0 hat (worn)
 r - a +2 cloak (worn)
Jewellery
 i - a ring of wizardry (left hand)
 l - an uncursed ring of wizardry
 m - a ring of flight (right hand)
 n - an uncursed ring of fire
 q - an uncursed ring of poison resistance {unknown}
 s - an amulet of the acrobat (around neck)
Wands
 e - a wand of iceblast (8)
 j - a wand of clouds (5)
Scrolls
 f - 4 scrolls of identify
 g - 4 scrolls of remove curse
 k - a scroll of enchant weapon
Potions
 p - 2 potions of lignification
Comestibles
 d - 6 rations
 o - a chunk of flesh


   Skills:
 + Level 0.1 Staves
 + Level 3.6 Dodging
 + Level 3.8 Stealth
 * Level 9.2 Spellcasting
 * Level 4.7 Conjurations
 + Level 1.0 Hexes
   Level 1.1 Summonings
 + Level 1.3 Translocations
 + Level 0.4 Air Magic
 + Level 0.1 Poison Magic


You had 16 spell levels left.
You knew the following spells:

 Your Spells              Type           Power        Failure   Level  Hunger
a - Magic Dart            Conj           ####         1%          1    None
b - Blink                 Tloc           N/A          1%          2    None
c - Slow                  Hex            ###.....     2%          2    None
e - Mephitic Cloud        Conj/Pois/Air  ###.....     3%          3    None

Your spell library contained the following spells:

 Spells                   Type           Power        Failure   Level  Hunger
 Call Imp                 Summ           ###.....     1%          2    None
 Conjure Flame            Conj/Fire      ###.....     2%          3    None


Dungeon Overview and Level Annotations

Branches:
Dungeon (5/15)             Temple (0/1) D:5

Altars:
Qazlal


Message History

Your +2 cloak unmelds from your body.
Your +0 hat unmelds from your body.
Your +0 robe unmelds from your body.
You hear some strange, mumbled words.
You are more confused.
Some of the chunks of flesh in your inventory have rotted away.
You miss something. Something hits you but does no damage.
You're too confused to cast spells.
Okay, then.
Unknown command.
You're too confused to cast spells.
Okay, then.
Something hits you but does no damage.
You see here a frilled lizard corpse.
You hear some strange, mumbled words.
A magic dart appears from out of thin air!
The magic dart hits you.
* * * LOW HITPOINT WARNING * * *
Something barely misses you.
You miss something. Something hits you.
You die...

**,**,**,,,**,,,***** **,* *,*
**+**,**,,,**,,,* *,***,*
,,,,,,,+.,,,,,<** ****,,**,*
,,,,,*##...***,* *,,,,,,,,*
,,..,,.....,,*,* *,,,,,,,,*
,,,..,.....,,*,* *,,,,,,,,*
,,,,..##...###+### *,,,,,,,,*
.#**#.#......?...# *****,,*,* .##
#.#.###.....@# *******,*,*
..###....##....{.####.,,,,*,*,**
.........##...†.........,,,,,,,*
......#........)..###...,,*,,,,*
....##......###.......,,,,,,,>,**
...#.#......#*...###≈.,≈***,,*,**
.##.#.......##.)#..,*≈≈*,,,*,,,**
#.##........##..#.⌠.*≈≈*,⌠,*,,,,,
.#.#......####..#...#≈≈*,,,*,,,*,


There were no monsters in sight!

Vanquished Creatures
  An ogre (D:4)
  A bullfrog (D:4)
  A water moccasin skeleton (D:4)
  A howler monkey (D:5)
  A crimson imp (D:5)
  Crazy Yiuf (D:3)
  An orc priest (D:3)
  2 hounds
  An orc wizard (D:5)
  3 worker ants
  8 adders
  7 gnolls (D:3)
  A river rat (D:3)
  A shadow imp (D:4)
  An ooze (D:3)
  An adder zombie (D:2)
  2 worms (D:3)
  3 dart slugs
  5 leopard geckos
  6 orcs
  A ball python (D:3)
  6 bats
  2 bat skeletons (D:2)
  5 giant cockroaches
  21 goblins
  9 hobgoblins
  7 jackals
  8 kobolds
  A ball python zombie (D:2)
  4 frilled lizards
  A giant cockroach zombie (D:2)
  A jackal skeleton (D:4)
  11 rats
125 creatures vanquished.

Vanquished Creatures (collateral kills)
  2 orcs (D:3)
  A rat (D:3)
3 creatures vanquished.

Grand Total: 128 creatures vanquished

Notes
Turn   | Place    | Note
-------+----------+-------------------------------------------
     0 | D:1      | HawFromDerth the Deep Elf Wizard began the quest for the
                  | Orb.
     0 | D:1      | Reached XP level 1. HP: 10/10 MP: 7/7
   197 | D:1      | Reached skill level 5 in Spellcasting
   197 | D:1      | Reached XP level 2. HP: 15/15 MP: 7/10
   824 | D:1      | Reached XP level 3. HP: 19/19 MP: 1/12
   972 | D:1      | Learned a level 2 spell: Blink
   975 | D:1      | Learned a level 2 spell: Slow
  2009 | D:2      | Found a stormy altar of Qazlal.
  2193 | D:2      | Reached skill level 6 in Spellcasting
  2621 | D:3      | Reached XP level 4. HP: 24/24 MP: 9/14
  2944 | D:3      | Learned a level 2 spell: Call Imp
  3203 | D:3      | Reached XP level 5. HP: 28/28 MP: 11/16
  3342 | D:3      | Found a runed translucent door.
  3343 | D:3      | Noticed Crazy Yiuf
  3545 | D:3      | Reached skill level 7 in Spellcasting
  3907 | D:3      | Learned a level 3 spell: Mephitic Cloud
  5006 | D:3      | Killed Crazy Yiuf
  5006 | D:3      | Reached XP level 6. HP: 13/32 MP: 2/18
  5656 | D:4      | Reached skill level 8 in Spellcasting
  6073 | D:4      | Reached skill level 1 in Hexes
  6073 | D:4      | Reached XP level 7. HP: 21/36 MP: 16/21
  7105 | D:5      | Entered Level 5 of the Dungeon
  7117 | D:5      | Reached skill level 9 in Spellcasting
  7360 | D:5      | Found a staircase to the Ecumenical Temple.
  7632 | D:5      | Slain by an orc wizard

Illustrated notes

Levels and vault maps discovered:
D:1:      matt_arrival_los_fun, layout_loops_cross, serial_forest,
          infiniplex_forest_lined_3, infiniplex_forest_pool,
          infiniplex_forest_clump_diagonal, infiniplex_forest_corner_1,
          infiniplex_forest_lined_2, infiniplex_forest_lined_room_2,
          infiniplex_forest_lined_corner, hangedman_decor_push,
          minmay_misc_feat_square, st_stairs_4, minmay_stone_trees_medium
D:2:      layout_rooms, old_standard_altar, serial_undead, serial_undead_a,
          serial_undead_a, serial_undead_c, serial_undead_a
D:3:      layout_loops_ring, cheibrodos_sewer_entry_sluice, minmay_starry_boxes,
          uniq_jessica, uniq_crazy_yiuf_cottage
D:4:      layout_rooms, first_ration, hangedman_decor_growths,
          minmay_ogre_servants
D:5:      layout_basic, temple_fountains, minmay_misc_feat_secret_circle,
          fountainhead, dk_vineyard_1, nemelex_dance_club_becter

Skill      XL: |  1  2  3  4  5  6  7 |
---------------+----------------------+-----
Spellcasting   | 5 6 7 8 9 |  9.2
Conjurations   | 2 3 4 |  4.7
Stealth        | 3 |  3.8
Hexes          | 1 |  1.0
Dodging        | 3 |  3.6
Staves         | |  0.1
Summonings     | |  1.1
Translocations | |  1.3
Air Magic      | |  0.4
Poison Magic   | |  0.1

Action                   |  1- 3 |  4- 6 |  7- 9 || total
-------------------------+-------+-------+-------++-------
Melee: Unarmed           |     1 |     1 |       ||     2
       Quarterstaff      |       |    13 |    27 ||    40
 Cast: Magic Dart        |   107 |   167 |    47 ||   321
       Slow              |     5 |     4 |       ||     9
       Call Imp          |       |     3 |       ||     3
       Mephitic Cloud    |       |     6 |       ||     6
       Blink             |       |     4 |       ||     4
 Abil: Evoke Flight      |       |     1 |       ||     1
  Use: Scroll            |     6 |     1 |     5 ||    12
       Potion            |     4 |     2 |     1 ||     7
  Eat: Chunk             |     3 |     7 |       ||    10
       Ration            |     1 |     1 |     1 ||     3
Armor: Robe              |     8 |    14 |    10 ||    32
       Skin              |       |     1 |     8 ||     9
Dodge: Dodged            |    24 |    44 |    23 ||    91
